 Dungeon Crawl Stone Soup version 0.24-a0-769-g368c1644f8 (webtiles) character file.

Game seed: 17959592219116239015, levelgen mode: deterministic

2102 Holzbalken the Quickloader (level 9, -4/48 HPs)
             Began as a Kobold Hunter on Oct 4, 2019.
             Was a Believer of Okawaru.
             Slain by jatast's ghost (12 damage)
             ... on level 6 of the Dungeon.
             The game lasted 00:42:48 (7759 turns).

Holzbalken the Quickloader (Kobold Hunter)          Turns: 7759, Time: 00:42:49

Health: -4/48      AC: 10    Str:  9    XL:     9   Next: 53%
Magic:  9/9        EV: 20    Int: 12    God:    Okawaru [**....]
Gold:   243        SH:  0    Dex: 19    Spells: 8/8 levels left

rFire    . . .     SeeInvis .   r - +4 dagger (drain)
rCold    . . .     Gourm    .   (shield restricted)
rNeg     . . .     Faith    .   c - +0 leather armour
rPois    .         Spirit   .   j - +0 helmet
rElec    .         Reflect  .   s - +1 cloak
rCorr    +         Harm     .   w - +0 pair of gloves
MR       .....                  i - +2 pair of boots
Stlth    +++++.....             (no amulet)
HPRegen  0.16/turn              g - ring of resist corrosion
MPRegen  0.11/turn              u - ring of stealth

@: berserk cooldown, slowed, very slow
A: small, carnivore
a: Heroism, Renounce Religion


You were on level 6 of the Dungeon.
You worshipped Okawaru.
Okawaru was pleased with you.
You were completely stuffed.

You visited 2 branches of the dungeon, and saw 7 of its levels.

You collected 333 gold pieces.
You spent 90 gold pieces at shops.

Inventory:

Hand Weapons
 a - a +2 hand crossbow
 b - a +0 dagger of venom
   (You took it off a goblin on level 1 of the Dungeon)
 k - a +0 short sword
 r - a +4 dagger of draining (weapon)
   (You took it off an orc wizard on level 2 of the Dungeon)
 E - a +4 short sword of holy wrath
   (You took it off Duvessa on level 5 of the Dungeon)
Missiles
 d - 55 bolts
 n - 254 stones (quivered)
 v - 2 throwing nets {!f}
Armour
 c - a +0 leather armour (worn)
 i - a +2 pair of boots (worn)
   (You found it on level 5 of the Dungeon)
 j - a +0 helmet (worn)
   (You found it on level 4 of the Dungeon)
 p - a +0 pair of boots
   (You found it on level 2 of the Dungeon)
 s - a +1 cloak (worn)
   (You found it on level 2 of the Dungeon)
 w - a +0 pair of gloves (worn)
   (You found it on level 3 of the Dungeon)
Jewellery
 g - a ring of resist corrosion (left hand)
   (You found it on level 1 of the Dungeon)
 u - a ring of stealth (right hand)
   (You found it on level 3 of the Dungeon)
 G - a +6 ring of dexterity {unknown}
   (You found it on level 6 of the Dungeon)
Wands
 x - a wand of acid (9)
   (You found it on level 3 of the Dungeon)
Scrolls
 m - 3 scrolls of identify {@r1}
 o - 2 scrolls of remove curse {@r2}
 t - 4 scrolls of blinking {unknown}
 y - a scroll of fear
 z - a scroll of magic mapping {unknown}
 A - a scroll of enchant armour
 C - a scroll of immolation {unknown}
 F - a scroll of amnesia {unknown}
Potions
 f - a potion of curing {@q1}
 h - 2 potions of brilliance
 l - 2 potions of lignification {!q}
 q - a potion of berserk rage
 B - a potion of agility
 H - a potion of flight {unknown}
Comestibles
 e - 13 rations {!d}


   Skills:
 - Level 2.1 Fighting
 + Level 3.5 Short Blades
 - Level 10.0 Crossbows
 * Level 7.8 Dodging
 + Level 9.2 Stealth


You had 8 spell levels left.
You didn't know any spells.
Your spell library was empty.

Dungeon Overview and Level Annotations

Branches:
Dungeon (6/15)             Temple (1/1) D:5

Altars:
Ashenzari
Cheibriados
Dithmenos
Elyvilon
Fedhas
Gozag
Hepliaklqana
Kikubaaqudgha
Makhleb
Nemelex Xobeh
Okawaru
Qazlal
Sif Muna
Trog
Uskayaw
Vehumet
Wu Jian
Yredelemnul
Zin
The Shining One

Annotations:
D:2 Sigmund
D:6 jatast's ghost, novice GrEE


Innate Abilities, Weirdness & Mutations

You are small and have problems with some larger weapons.
You are carnivorous and can eat meat at any time.


Message History

Jatast's ghost closely misses you.
You hit jatast's ghost but do no damage.
The worker ant simulacrum closely misses you.
You puncture jatast's ghost!
The howler monkey simulacrum closely misses you.
Jatast's ghost barely misses you.
You hit jatast's ghost.
The worker ant simulacrum completely misses you.
The howler monkey simulacrum misses you.
You hit jatast's ghost. Jatast's ghost barely misses you.
The worker ant simulacrum bites you but does no damage.
You hit jatast's ghost.
The howler monkey simulacrum hits you but does no damage.
You hit jatast's ghost. Jatast's ghost closely misses you.
The worker ant simulacrum completely misses you.
You hit jatast's ghost but do no damage.
The howler monkey simulacrum closely misses you.
Wield which item (- for none, * to show all)? (? for menu, Esc to quit)
Your +0 dagger of venom stops dripping with poison.
You sense an unholy aura.
r - a +4 dagger of draining (weapon)
The earth trembles for a moment.
Jatast's ghost closely misses you.
The worker ant simulacrum completely misses you.
You puncture jatast's ghost!
The howler monkey simulacrum misses you.
You completely miss jatast's ghost.
Jatast's ghost gestures at you while chanting.
The blast of sand hits you but does no damage.
The worker ant simulacrum bites you but does no damage.
You barely miss jatast's ghost.
The howler monkey simulacrum misses you.
You closely miss jatast's ghost.
You are no longer berserk.
You are exhausted.
You feel yourself slow down. Jatast's ghost casts a spell at you.
The blast of sand hits you.
* * * LOW HITPOINT WARNING * * *
The worker ant simulacrum closely misses you.
You barely miss jatast's ghost.
The howler monkey simulacrum closely misses you.
Jatast's ghost misses you.
The worker ant simulacrum completely misses you.
You closely miss jatast's ghost.
The howler monkey simulacrum completely misses you.
Jatast's ghost hits you.
* * * LOW HITPOINT WARNING * * *
You are electrocuted!
You die...

#......#..##(###..............
###..................#####...#..
#...#......)#......###...###..##
##...#.......#....###.?.....##.##
#...##...........##....###...#...
....##...........#....# #..#...
#...##...........#...##Y. #.Y#...
##..#...##......(Z...#!Z..#.##...
##..##.###......@ZY..#).=...#....
#...#......#.....W...##.....#....
....#......#...(.#(...#..5..##...
....#........##..#....##5....#...
#............###.##....###Z..#...
#.....#.##...###..##....Z...##...
#....####...###....###...Z. #....
#.....##...###.......##### ##....
#.#..#.....##...###......###.....


You could see an ice beast, jatast's ghost, a worker ant simulacrum and a howler
monkey simulacrum.

Vanquished Creatures
  Prince Ribbit (D:5)
  Menkaure (D:5)
  Duvessa (D:5)
  An ice beast (D:6)
  A phantom (D:6)
  3 centaurs
  2 ogres (D:5)
  A crocodile (D:6)
  3 bullfrogs
  Dowan (D:5)
  A howler monkey (D:6)
  3 crimson imps
  A jelly (D:6)
  6 orc wizards
  2 orc priests
  2 hounds
  An iguana (D:6)
  A bullfrog skeleton (D:6)
  A worker ant (D:4)
  A hound zombie (D:5)
  4 gnolls (D:3)
  8 adders
  An ooze (D:2)
  2 adder skeletons
  A worm (D:3)
  4 dart slugs
  4 leopard geckos
  12 orcs
  6 giant cockroaches
  12 goblins
  16 hobgoblins
  7 kobolds
  4 quokkas
  A ball python skeleton (D:4)
  6 bats
  3 frilled lizards (D:2)
  A giant cockroach zombie (D:6)
  A leopard gecko skeleton (D:5)
  7 rats
134 creatures vanquished.

Notes
Turn   | Place    | Note
-------+----------+-------------------------------------------
     0 | D:1      | Holzbalken the Kobold Hunter began the quest for the Orb.
     0 | D:1      | Reached XP level 1. HP: 12/12 MP: 1/1
    19 | D:1      | Reached skill level 5 in Crossbows
    48 | D:1      | Reached XP level 2. HP: 14/17 MP: 2/2
   555 | D:1      | Reached XP level 3. HP: 16/21 MP: 3/3
   744 | D:1      | Reached skill level 6 in Crossbows
  1256 | D:2      | Noticed Sigmund
  1269 | D:1      | Reached XP level 4. HP: 15/26 MP: 4/4
  1645 | D:2      | Reached skill level 7 in Crossbows
  1730 | D:2      | Reached XP level 5. HP: 11/30 MP: 5/5
  2159 | D:2      | Found Zin's Purification Station.
  2183 | D:2      | Found a glowing silver altar of Zin.
  2189 | D:2      | Bought a potion of curing for 90 gold pieces
  2446 | D:2      | Found an ornate altar of the Wu Jian Council.
  3227 | D:3      | Found a faded altar of an unknown god.
  3227 | D:3      | Found an opulent altar of Gozag.
  3228 | D:3      | Reached XP level 6. HP: 35/35 MP: 6/6
  3235 | D:3      | Found a burning altar of Makhleb.
  3240 | D:3      | Found a white marble altar of Elyvilon.
  3242 | D:3      | Found a faded altar of an unknown god.
  3913 | D:4      | Reached skill level 8 in Crossbows
  4045 | D:4      | Found a hazy altar of Hepliaklqana.
  4310 | D:4      | Noticed a phantom
  4736 | D:4      | Reached skill level 5 in Stealth
  4753 | D:4      | Reached XP level 7. HP: 40/40 MP: 7/7
  4858 | D:5      | Entered Level 5 of the Dungeon
  5074 | D:5      | Noticed Prince Ribbit
  5099 | D:5      | Killed Prince Ribbit
  5150 | D:5      | Noticed Menkaure
  5152 | D:5      | Killed Menkaure
  5152 | D:5      | Reached skill level 9 in Crossbows
  5199 | D:5      | Reached XP level 8. HP: 40/44 MP: 8/8
  5252 | D:5      | Found a staircase to the Ecumenical Temple.
  5269 | Temple   | Entered the Ecumenical Temple
  5290 | Temple   | Became a worshipper of Warmaster Okawaru
  5347 | D:5      | Found a shattered altar of Ashenzari.
  5872 | D:5      | Noticed Dowan
  6189 | D:5      | Noticed Duvessa
  6209 | D:5      | Killed Duvessa
  6209 | D:5      | Reached skill level 10 in Crossbows
  6222 | D:5      | Killed Dowan
  6535 | D:5      | Reached skill level 5 in Dodging
  6852 | D:6      | Reached * piety under Okawaru
  6852 | D:6      | Reached XP level 9. HP: 36/48 MP: 9/9
  6964 | D:6      | Reached skill level 1 in Short Blades
  7104 | D:6      | Found a glowing golden altar of the Shining One.
  7140 | D:6      | Found a runed translucent gate.
  7300 | D:6      | Found a runed translucent gate.
  7300 | D:6      | Found a runed translucent gate.
  7398 | D:6      | Reached ** piety under Okawaru
  7556 | D:6      | Noticed jatast's ghost (novice GrEE)
  7630 | D:6      | Found a shimmering blue altar of Sif Muna.
  7759 | D:6      | Slain by jatast's ghost

Levels and vault maps discovered:
D:1:      nzn_arrival_depleted_hourglass, layout_basic
D:2:      layout_basic, nicolae_overflow_crystal_walls, zin_purify, uniq_sigmund
D:3:      layout_loops_ring, chequers_temple_overflow_minitemple
D:4:      layout_basic, kennysheep_mini_moat, first_ration,
          minmay_goblin_outpost
D:5:      layout_rooms, minmay_temple_entry_butterflies,
          cheibrodos_ashenzari_chains, uniq_duvessa, uniq_prince_ribbit1,
          uniq_menkaure
D:6:      layout_cave_pools, lemuel_round_altar, overflow_temple_1_default,
          gammafunk_ghost_icy
Temple:   nicolae_temple_hex_pool

Skill      XL: |  1  2  3  4  5  6  7  8  9 |
---------------+----------------------------+-----
Crossbows      | 5 6 7 8 9 10 | 10.0
Stealth        | 2 3 5 6 8 9 |  9.2
Dodging        | 3 6 7 |  7.8
Short Blades   | 3 |  3.5
Fighting       | |  2.1

Action                   |  1- 3 |  4- 6 |  7- 9 || total
-------------------------+-------+-------+-------++-------
Melee: Short sword       |     8 |       |       ||     8
       Dagger            |    24 |    63 |   136 ||   223
 Fire: Hand crossbow     |    38 |   114 |   141 ||   293
Throw: Stone             |       |     3 |     3 ||     6
  Use: Potion            |       |     1 |     2 ||     3
       Scroll            |       |     4 |     6 ||    10
  Eat: Chunk             |     9 |    11 |     9 ||    29
Armor: Leather armour    |     6 |    13 |    43 ||    62
Dodge: Dodged            |    19 |    62 |   165 ||   246

Table legend:
 A = Non-vault XP
 B = Vault XP
 C = Vault XP percentage of total XP
 D = Non-vault monster count
 E = Vault monster count
 F = Vault count percentage of total count
                 A         B        C        D         E       F
            +---------+---------+-------+---------+---------+-------
      Total |    2322 |     681 |  22.7 |     121 |      13 |   9.7
            +---------+---------+-------+---------+---------+-------
        D:1 |      69 |       0 |   0.0 |      23 |       0 |   0.0
        D:2 |     193 |       0 |   0.0 |      32 |       0 |   0.0
        D:3 |      78 |       0 |   0.0 |      14 |       0 |   0.0
        D:4 |     222 |      18 |   7.5 |      15 |       9 |  37.5
        D:5 |     564 |     663 |  54.0 |      14 |       4 |  22.2
        D:6 |    1196 |       0 |   0.0 |      23 |       0 |   0.0
            +---------+---------+-------+---------+---------+-------
